 Dungeon Crawl Stone Soup version 0.32-a0-909-gc671339a80 (webtiles) character file.

Game seed: 11312147916993004730

71247 GeoRichter the Geomancer (level 14, 0/92 HPs)
             Began as a Deep Elf Fire Elementalist on Apr 7, 2024.
             Was a High Priest of Vehumet.
             Slain by Urug
             ... wielding a +5 long sword
              (23 damage)
             ... on level 2 of the Orcish Mines.
             The game lasted 00:52:37 (26382 turns).

GeoRichter the Geomancer (DEFE)                    Turns: 26382, Time: 00:52:38

Health: 0/92       AC:  9    Str:  9    XL:     14   Next: 97%
Magic:  5/30       EV: 21    Int: 22    God:    Vehumet [*****.]
Gold:   2469       SH:  0    Dex: 15    Spells: 16/33 levels left

rFire   + . .        c - staff of fire
rCold   . . .        (no shield)
rNeg    . . .        u - +0 troll leather armour
rPois   .            v - +0 helmet
rElec   .            l - +1 cloak
rCorr   .            i - +0 pair of gloves
SInv    .            S - +0 pair of boots
Will    ++...        F - amulet of the acrobat
Stlth   +++          h - +5 ring of evasion
HPRegen 1.15/turn    L - ring of willpower
MPRegen 0.22/turn

%: acrobat
@: freezing walls
A: no striking features
a: Renounce Religion


You were on level 2 of the Orcish Mines.
You worshipped Vehumet.
Vehumet was extremely pleased with you.
You visited 4 branches of the dungeon, and saw 20 of its levels.
You also visited: Ossuary.

You collected 2469 gold pieces.

Inventory:

Hand Weapons
 Q - a +4 trident of draining
   (You took it off Jeremiah on level 1 of the Lair of Beasts)
Missiles
 E - a throwing net {!f}
Armour
 i - a +0 pair of gloves (worn)
   (You found it on level 1 of the Dungeon)
 l - a +1 cloak (worn)
   (You found it on level 1 of the Dungeon)
 u - a +0 troll leather armour (worn)
   (You found it on level 7 of the Dungeon)
 v - a +0 helmet (worn)
   (You took it off Robin on level 3 of the Dungeon)
 S - a +0 pair of boots (worn)
   (You found it on level 2 of the Lair of Beasts)
Magical Staves
 c - a staff of fire (weapon)
   (You found it on level 4 of the Dungeon)
Jewellery
 h - a +5 ring of evasion (left hand)
   (You found it on level 1 of the Dungeon)
 x - a ring of resist corrosion
   (You found it on level 4 of the Dungeon)
 y - a ring of ice
   (You found it on level 5 of the Dungeon)
 F - an amulet of the acrobat (around neck)
   (You found it on level 7 of the Dungeon)
 L - a ring of willpower (right hand)
   (You found it on level 10 of the Dungeon)
 X - a ring of poison resistance
   (You found it on level 5 of the Lair of Beasts)
 Y - a ring of flight
   (You found it on level 5 of the Lair of Beasts)
Wands
 w - a wand of charming (12)
   (You found it on level 2 of the Lair of Beasts)
 G - a wand of acid (9)
   (You found it on level 7 of the Dungeon)
 H - a wand of flame (27)
   (You found it on level 7 of the Dungeon)
 O - a wand of mindburst (6)
   (You found it on level 8 of the Dungeon)
 U - a wand of polymorph (4)
   (You found it on level 2 of the Lair of Beasts)
 W - a wand of roots (2)
   (You found it on level 4 of the Lair of Beasts)
Scrolls
 d - 2 scrolls of butterflies
 e - 2 scrolls of identify {@r1}
 f - a scroll of fear
 g - 5 scrolls of poison {!r}
 j - 5 scrolls of teleportation {@r4}
 k - 3 scrolls of amnesia
 m - 2 scrolls of blinking
 n - 4 scrolls of enchant weapon
 o - a scroll of brand weapon {unknown}
 q - 2 scrolls of enchant armour
 r - a scroll of noise {!r}
 s - 3 scrolls of vulnerability {!r}
 D - 4 scrolls of immolation {!r}
 M - a scroll of fog
 R - a scroll of torment {!r}
Potions
 b - a potion of magic
 p - 2 potions of degeneration {unknown}
 t - 6 potions of might
 z - 2 potions of invisibility
 A - 2 potions of brilliance
 B - 2 potions of lignification {!q}
 C - a potion of ambrosia
 I - 5 potions of curing {@q1}
 J - 2 potions of haste {@q3}
 K - a potion of cancellation
 N - 3 potions of enlightenment
 P - a potion of berserk rage
 V - 2 potions of mutation {!q}
 Z - a potion of attraction {unknown}
Miscellaneous
 a - a lightning rod (4/4) {!a}
   (You found it on level 5 of the Lair of Beasts)
 T - a tin of tremorstones (2/2)
   (You found it on level 2 of the Lair of Beasts)


   Skills:
 + Level 12.7 Fighting
 - Level 5.0 Armour
 + Level 11.7 Dodging
 - Level 6.0 Stealth
 - Level 10.0 Spellcasting
 - Level 9.0 Conjurations
 - Level 5.1 Fire Magic
 - Level 9.0 Ice Magic
 * Level 13.5 Earth Magic
 - Level 4.0 Evocations


You had 16 spell levels left.
You knew the following spells:

 Your Spells              Type           Power      Damage    Failure   Level
a - Foxfire               Conj/Fire      100%       2x1d9     1%          1
b - Scorch                Fire           100%       2d9       1%          2
c - Frozen Ramparts       Ice            100%       1d16      1%          3
d - Lee's Rapid Deconstr  Erth           31%        3d16*     1%          5
e - Bombard               Conj/Erth      28%        9d5       3%          6

Your spell library contained the following spells:

 Spells                   Type           Power      Damage    Failure   Level
 Eringya's Noxious Bog    Alch           5%         4d6       94%         6
 Shock                    Conj/Air       100%       1d9       1%          1
 Ozocubu's Armour         Ice            50%        N/A       1%          3
 Passwall                 Erth           63%        N/A       1%          3
 Flame Wave               Conj/Fire      59%        2d14      1%          4
 Inner Flame              Hex/Fire       33%        N/A       2%          3
 Volatile Blastmotes      Fire/Tloc      66%        2d15      2%          3
 Animate Armour           Summ/Erth      80%        N/A       4%          4
 Airstrike                Air            5%         2d(1-17)  21%         4
 Fugue of the Fallen      Necr           11%        N/A       24%         3
 Sigil of Binding         Hex            11%        N/A       24%         3
 Swiftness                Air            11%        N/A       24%         3
 Teleport Other           Tloc           11%        N/A       24%         3
 Metabolic Englaciation   Hex/Ice        15%        N/A       34%         5
 Summon Lightning Spire   Summ/Air       11%        N/A       61%         4
 Vhi's Electric Charge    Tloc/Air       22%        N/A       61%         4
 Sculpt Simulacrum        Ice/Alch       15%        N/A       88%         6
 Death Channel            Necr           5%         N/A       100%        6
 Dispersal                Tloc           5%         N/A       100%        6
 Gell's Gavotte           Tloc           5%         2d(13-20) 100%        6
 Manifold Assault         Tloc           5%         N/A       100%        7


Dungeon Overview and Level Annotations

Branches:
Dungeon (12/15) Zot: 24661  Temple (1/1) D:7 Zot: 5959    Lair (5/5) D:8 Zot: 18872
  Swamp (0/4) Lair:3       Spider (0/4) Lair:3        Slime (0/5) Lair:5
    Orc (2/2) D:12 Zot: 11613 Ossuary (visited)
    Elf: Orc:2

Altars:
Ashenzari
Cheibriados
Dithmenos
Elyvilon
Fedhas
Gozag
Hepliaklqana
Kikubaaqudgha
Makhleb
Nemelex Xobeh
Okawaru
Qazlal
Ru
Sif Muna
Trog
Uskayaw
Vehumet
Wu Jian
Xom
Yredelemnul
Zin
The Shining One
Jiyva

Annotations:
D:4 3 runed translucent doors, HourglassMan's ghost, amateur TeAE
D:9 exclusion: door
D:12 exclusion: 2 doors
Orc:2 Urug


Message History

The orc priest is burned terribly!
You kill the orc priest!
Vehumet accepts your kill.
Urug is nearby!
Urug is nearby!
Urug is nearby!
Urug throws a javelin.
The javelin pierces through you!!
Things that are here:
a +0 halberd; a +0 chain mail
Casting: Scorch (safe; 1% risk of failure)
Confirm with . or Enter, or press ? or * to list all spells.
Casting: Frozen Ramparts (safe; 1% risk of failure)
Press: ? - help, Dir - look around, f - activate The walls around you are covered in ice.
The wall freezes Urug.
Urug throws a javelin.
The javelin pierces through you!
Casting: Frozen Ramparts (safe; 1% risk of failure)
Confirm with . or Enter, or press ? or * to list all spells.
Aiming: Lee's Rapid Deconstruction (mildly dangerous; 1% risk of failure)
Press: ? - help, Dir - move target A rock wall, covered with ice.
The wall shatters!
The blast of rock fragments hits Urug!
Urug is lightly wounded.
The wall freezes Urug!
Urug throws a javelin.
The javelin closely misses you.
Casting: Lee's Rapid Deconstruction (mildly dangerous; 1% risk of failure)
Confirm with . or Enter, or press ? or * to list all spells.
Aiming: Lee's Rapid Deconstruction (mildly dangerous; 1% risk of failure)
Press: ? - help, Dir - move target A rock wall, covered with ice.
The wall shatters!
The blast of rock fragments hits Urug!!
Urug is severely wounded.
The wall freezes Urug but does no damage.
You barely miss Urug.
Urug is heavily wounded.
The wall freezes Urug!
Urug hits you with a +5 long sword!!
* * * LOW HITPOINT WARNING * * *
Casting: Lee's Rapid Deconstruction (mildly dangerous; 1% risk of failure)
Confirm with . or Enter, or press ? or * to list all spells.
You don't have enough magic to cast this spell.
Unknown command.
You closely miss Urug.
Urug is severely wounded.
The wall freezes Urug.
Urug hits you with a +5 long sword!
* * * LOW HITPOINT WARNING * * *
Unknown command.
Unknown command.
You closely miss Urug.
Urug is almost dead.
The wall freezes Urug.
Urug hits you with a +5 long sword!!
You die...
Urug says, "One more harpy dead."

## .## ..## ##...# #.
###...# #.. ##.....##...
#.!..)...... ##).@...#.#
##o#..## ###...).##
##$##.....##
#...#......#
##.#....#.#.......$...
##........#............
#.........)............#
##......................


You could see Urug.

Vanquished Creatures
  Kirke (D:12)
  The ghost of kr4n3 the Fighter, a journeyman GnWn of Gozag (Lair:2)
  An ice dragon (Lair:5)
  7 hydras
  3 catoblepae
  A boulder beetle (D:11)
  6 two-headed ogres
  A hell hog (Lair:5)
  Sonja (Lair:4)
  A death yak (Lair:2)
  2 fire crabs
  A skeletal warrior (D:12)
  A lindwurm (Lair:5)
  An orc knight (D:12)
  An ugly thing (D:12)
  3 cyclopes
  3 manticores (D:12)
  28 elephants
  6 black mambas
  5 torpor snails (Lair:5)
  14 cane toads
  2 gargoyles
  Jeremiah (Lair:1)
  An unseen horror (D:11)
  2 kobold demonologists
  A rime drake (Lair:5)
  2 ice devils (D:11)
  3 komodo dragons
  12 polar bears
  3 trolls
  4 tyrant leeches (Lair:5)
  Grinder (D:3)
  7 hornets (Lair:5)
  23 blink frogs
  A raiju (Lair:5)
  7 dream sheep (Lair:3)
  4 slime creatures (D:12)
  Sigmund (D:2)
  2 centaur simulacra (D:11)
  A vampire (D:11)
  4 wraiths
  4 shadows
  16 yaks
  2 wyverns
  2 hogs (D:12)
  4 basilisks
  7 wargs
  3 steam dragons
  Menkaure (D:4)
  16 water moccasins
  An acid dragon (D:11)
  16 hell hounds (Lair:5)
  16 black bears
  9 orc warriors
  3 ice beasts
  A sky beast (D:6)
  A meliai simulacrum (D:11)
  29 wolves
  3 ogres
  6 centaurs
  A phantom (D:6)
  4 kobold brigands
  Blork the orc (D:4)
  15 bullfrogs
  5 scorpions
  10 wights
  A burial acolyte (Ossuary)
  10 killer bees (D:9)
  3 electric eels
  5 howler monkeys
  2 bombardier beetles (D:4)
  2 centaur zombies (Ossuary)
  5 jellies
  3 hounds
  6 orc priests
  A gnoll bouda (D:8)
  2 iguanas (D:6)
  A spectral scorpion (Ossuary)
  Jessica (D:3)
  18 orc wizards
  2 hound zombies (Ossuary)
  3 mummies (Ossuary)
  Robin (D:3)
  7 gnolls
  9 adders
  2 shadow imps
  2 white imps
  An adder skeleton (D:2)
  2 dart slugs
  3 ribbon worms
  35 orcs
  6 ball pythons
  3 bats (D:1)
  A bat skeleton (D:2)
  5 endoplasms
  2 giant cockroaches
  12 goblins
  8 hobgoblins
  9 jackals
  12 quokkas
  A ball python skeleton (D:2)
  8 ball python zombies
  2 frilled lizards (D:1)
  A giant cockroach zombie (D:2)
  5 jackal zombies
  24 kobolds
  8 kobold zombies (Ossuary)
  2 orc zombies (Ossuary)
  A quokka skeleton (D:2)
  6 rats
589 creatures vanquished.

Vanquished Creatures (collateral kills)
  2 foxfires (Lair:3)
2 creatures vanquished.

Vanquished Creatures (others)
  A deep elf pyromancer (D:12)
  654 foxfires
655 creatures vanquished.

Grand Total: 1246 creatures vanquished

Notes
Turn   | Place    | Note
-------+----------+-------------------------------------------
     0 | D:1      | GeoRichter the Deep Elf Fire Elementalist began the quest
                  | for the Orb.
     0 | D:1      | Reached XP level 1. HP: 10/10 MP: 6/6
   285 | D:1      | Reached XP level 2. HP: 15/15 MP: 4/8
   537 | D:1      | Reached XP level 3. HP: 19/19 MP: 6/9
   655 | D:1      | Found a faded altar of an unknown god.
   777 | D:1      | Learned a level 2 spell: Scorch
  1128 | D:2      | Reached skill level 5 in Stealth
  1264 | D:2      | Noticed Sigmund
  1438 | D:2      | Killed Sigmund
  1439 | D:2      | Reached XP level 4. HP: 24/24 MP: 1/12
  1439 | D:2      | Reached XP level 5. HP: 28/28 MP: 1/13
  1997 | D:3      | Noticed Jessica
  1999 | D:3      | Killed Jessica
  2000 | D:3      | Reached XP level 6. HP: 29/32 MP: 9/14
  2623 | D:3      | Noticed Robin
  2631 | D:3      | Killed Robin
  2739 | D:3      | Noticed Grinder
  2755 | D:3      | Paralysed by Grinder for 2 turns
  2756 | D:3      | Killed Grinder
  2757 | D:3      | Reached skill level 5 in Spellcasting
  2757 | D:3      | Reached skill level 5 in Conjurations
  2757 | D:3      | Reached XP level 7. HP: 8/36 MP: 9/17
  2875 | D:3      | Found a stormy altar of Qazlal.
  3393 | D:4      | Noticed Menkaure
  3395 | D:4      | Killed Menkaure
  3401 | D:4      | Reached skill level 1 in Fighting
  3492 | D:4      | Found a sand-covered staircase.
  3502 | Ossuary  | Entered an ossuary
  3858 | Ossuary  | Reached XP level 8. HP: 39/43 MP: 13/20
  4010 | Ossuary  | Reached skill level 5 in Fire Magic
  4402 | D:4      | Learned a level 3 spell: Frozen Ramparts
  4402 | D:4      | Found a runed translucent gate.
  4402 | D:4      | Found a runed translucent gate.
  4402 | D:4      | Found a runed translucent gate.
  4406 | D:4      | Noticed HourglassMan's ghost (amateur TeAE)
  4444 | D:4      | Noticed Blork the orc
  4454 | D:4      | Killed Blork the orc
  4455 | D:4      | Reached skill level 1 in Ice Magic
  4941 | D:4      | Found a shimmering blue altar of Sif Muna.
  4972 | D:5      | Entered Level 5 of the Dungeon
  5200 | D:5      | Found a glowing silver altar of Zin.
  5317 | D:5      | Found a white marble altar of Elyvilon.
  5487 | D:5      | Found a hide-covered altar of Uskayaw.
  6609 | D:6      | Reached skill level 5 in Ice Magic
  6609 | D:6      | Reached XP level 9. HP: 51/51 MP: 23/23
  6681 | D:6      | Found a burning altar of Makhleb.
  6803 | D:7      | Found a staircase to the Ecumenical Temple.
  6809 | D:7      | Noticed a troll
  6918 | D:7      | Killed a troll
  6932 | Temple   | Entered the Ecumenical Temple
  6950 | Temple   | Became a worshipper of Vehumet
  7083 | D:7      | Found an ornate altar of the Wu Jian Council.
  7361 | D:7      | Found a glowing golden altar of the Shining One.
  7560 | D:7      | Found a bloodstained altar of Trog.
  7796 | D:8      | Found an opulent altar of Gozag.
  8125 | D:8      | Found a staircase to the Lair.
  8258 | D:8      | You fall into a shaft and drop 3 floors!
  8314 | D:11     | Killed an unseen horror
  8315 | D:11     | Reached skill level 10 in Spellcasting
  8372 | D:11     | Noticed a kobold demonologist
  8374 | D:11     | Noticed a polar bear
  8378 | D:10     | Entered Level 10 of the Dungeon
  8380 | D:10     | Noticed a sixfirhy
  8386 | D:10     | Killed a kobold demonologist
  8387 | D:10     | Reached XP level 10. HP: 36/58 MP: 26/26
  8396 | D:10     | Noticed a two-headed ogre
  8456 | D:10     | Reached skill level 5 in Fighting
  8573 | D:10     | Noticed a two-headed ogre
  8740 | D:9      | Reached * piety under Vehumet
  8740 | D:9      | Offered knowledge of Kiss of Death by Vehumet.
  8779 | D:9      | Found a basalt altar of Yredelemnul.
  8917 | D:9      | Reached skill level 1 in Armour
  9457 | D:9      | Offered knowledge of Searing Ray by Vehumet.
  9553 | D:9      | Reached ** piety under Vehumet
  9748 | D:8      | Found a hazy altar of Hepliaklqana.
  9836 | D:8      | Found a blossoming altar of Fedhas.
 10240 | D:10     | Killed a two-headed ogre
 10542 | D:10     | Offered knowledge of Hailstorm by Vehumet.
 10986 | D:10     | Killed a two-headed ogre
 10987 | D:10     | Reached XP level 11. HP: 67/67 MP: 27/27
 11056 | Lair:1   | Entered Level 1 of the Lair of Beasts
 11366 | Lair:1   | Reached *** piety under Vehumet
 11604 | Lair:1   | Noticed Jeremiah
 11657 | Lair:1   | Killed Jeremiah
 12403 | Lair:2   | Found a transporter.
 12432 | Lair:2   | Reached skill level 5 in Armour
 12451 | Lair:2   | Noticed a death yak
 12532 | Lair:2   | Offered knowledge of Mephitic Cloud by Vehumet.
 12607 | Lair:2   | Noticed kr4n3's ghost (journeyman GnWn)
 12610 | Lair:2   | Found a transporter.
 12641 | Lair:2   | Reached skill level 1 in Evocations
 12711 | Lair:2   | Noticed a catoblepas
 12733 | Lair:2   | Killed a catoblepas
 13269 | Lair:3   | Found a hole to the Spider Nest.
 13355 | Lair:3   | Found a staircase to the Swamp.
 13444 | Lair:3   | Reached XP level 12. HP: 39/77 MP: 2/28
 13703 | Lair:3   | Noticed an eight-headed hydra
 13713 | Lair:3   | Killed an eight-headed hydra
 13755 | Lair:3   | Reached skill level 10 in Fighting
 14130 | Lair:3   | Identified the +3 falchion of Uncertain Death {flame, rF+
                  | Dex+3}
 14251 | Lair:3   | Reached **** piety under Vehumet
 14547 | Lair:4   | Noticed Sonja
 14559 | Lair:4   | Reached skill level 1 in Earth Magic
 14560 | Lair:4   | Killed Sonja
 14561 | Lair:4   | Reached skill level 5 in Dodging
 14561 | Lair:4   | Reached skill level 2 in Earth Magic
 14561 | Lair:4   | Noticed a six-headed hydra
 14625 | Lair:4   | Offered knowledge of Sticky Flame by Vehumet.
 14629 | Lair:4   | Reached skill level 3 in Earth Magic
 14709 | Lair:4   | Reached skill level 4 in Earth Magic
 14712 | Lair:4   | Noticed a catoblepas
 14740 | Lair:4   | Killed a catoblepas
 14965 | Lair:4   | Reached skill level 5 in Earth Magic
 15043 | Lair:4   | Learned a level 5 spell: Lee's Rapid Deconstruction
 15050 | Lair:4   | Learned a level 6 spell: Bombard
 15446 | Lair:4   | Killed a six-headed hydra
 15447 | Lair:4   | Reached skill level 6 in Earth Magic
 15447 | Lair:4   | Reached XP level 13. HP: 84/84 MP: 25/29
 16051 | Lair:5   | Entered Level 5 of the Lair of Beasts
 16195 | Lair:5   | Reached skill level 7 in Earth Magic
 16743 | Lair:4   | Reached skill level 8 in Earth Magic
 16861 | Lair:5   | Reached ***** piety under Vehumet
 16987 | Lair:4   | Offered knowledge of Conjure Ball Lightning by Vehumet.
 17221 | Lair:5   | Found a viscous altar of Jiyva.
 17221 | Lair:5   | Found a staircase to the Slime Pits.
 17425 | Lair:5   | Reached skill level 9 in Earth Magic
 18579 | Lair:5   | Reached skill level 10 in Earth Magic
 19571 | Lair:5   | Reached XP level 14. HP: 82/91 MP: 21/30
 19917 | Lair:5   | Reached skill level 11 in Earth Magic
 20079 | Lair:5   | Reached skill level 10 in Dodging
 21562 | Lair:2   | Offered knowledge of Eringya's Noxious Bog by Vehumet.
 21743 | Lair:2   | Reached skill level 12 in Earth Magic
 21886 | Lair:2   | Killed kr4n3's ghost
 24704 | D:12     | Found a staircase to the Orcish Mines.
 24717 | D:12     | Reached skill level 13 in Earth Magic
 25677 | D:12     | Noticed a storm dragon
 25767 | D:12     | Noticed Kirke
 25771 | D:12     | Killed Kirke
 25877 | Orc:1    | Entered Level 1 of the Orcish Mines
 26343 | Orc:2    | Entered Level 2 of the Orcish Mines
 26343 | Orc:2    | Noticed Urug
 26382 | Orc:2    | Slain by Urug

Illustrated notes

Levels and vault maps discovered:
D:1:      dpeg_arrival_rooms_a, layout_loops_cross,
          ebering_ecumenical_altar_mist, minmay_pentomino_t4
D:2:      layout_loops_cross, serial_undead, serial_undead_c, serial_undead_b,
          serial_undead_a, serial_undead_b, serial_undead_a, serial_undead_a,
          serial_undead_e, uniq_sigmund
D:3:      layout_loops_corners, mainiacjoe_overflow_six_doors_small,
          grunt_ministairs_6, uniq_grinder, uniq_robin, uniq_jessica
D:4:      layout_gridville, lemuel_blue_sif_altar, ebering_ghost_rock_garden,
          lightli_ossuary_entry_decrepit_ruins, gup_sewer_entry_bubbles,
          uniq_blork_the_orc, uniq_menkaure
D:5:      layout_basic, mainiacjoe_overflow_chevrons,
          nicolae_overflow_crystal_walls, zin_academy
D:6:      layout_loops_ring, lemuel_tele_altar, grunt_ministairs_5
D:7:      layout_layer_cave, lightli_temple_of_fire, lemuel_doored_altar,
          kennysheep_mini, minmay_temple_entry_sparse_star
D:8:      layout_loops_ring, nicolae_gozag_seed_capital, fedhas_ov_isle_minmay,
          mainiacjoe_overflow_tiny_flanked, due_lair_maze_entry_diamond
D:9:      layout_basic, mainiacjoe_overflow_catwalk, serial_curves,
          eino_curves_02, eino_curves_04, eino_curves_04, eino_curves_04,
          kennysheep_flooded_box
D:10:     layout_roguey, minivault_5
D:11:     layout_small_grid, serial_ice, serial_ice_n, serial_ice_k,
          serial_ice_b, serial_ice_c, portal_ice_cave_demonic_guard
D:12:     minmay_polygon_palace, layout_rooms, orc_0_dummy, chequers_arboretum,
          wad_scary_box, uniq_kirke
Temple:   grunt_temple_mini_profane
Lair:1:   layout_cave_pods, uniq_jeremiah
Lair:2:   layout_loops_ring, nzn_ghost_randoct, beast_lair_carwin_2,
          infiniplex_staircase_pool, serial_bayou_shore_b, lemuel_fruit_fields
Lair:3:   layout_roguey, swamp_mist, dummy_spider_entry,
          grunt_forest_stairs_basic
Lair:4:   layout_gridlike, st_stairs_8, uniq_sonja
Lair:5:   wormcave, layout_cave_pods, hangedman_lair_caniforms_friends,
          slime_entry_1
Orc:1:    layout_caves, serial_shops, shop, nicolae_orc_lava_room
Orc:2:    pf_orc_diabolical, layout_caves, gammafunk_ghost_fury_of_okawaru,
          uniq_urug, uniq_saint_roka

Skill      XL: |  1  2  3  4  5  6  7  8  9 10 11 12 13 14 |
---------------+-------------------------------------------+-----
Stealth        | 3 4 6 |  6.0
Spellcasting   | 4 5 6 8 10 | 10.0
Conjurations   | 3 5 6 8 9 |  9.0
Fire Magic     | 4 5 |  5.1
Fighting       | 1 3 4 7 9 11 12 | 12.7
Ice Magic      | 5 8 9 |  9.0
Armour         | 3 5 |  5.0
Evocations     | 3 4 |  4.0
Dodging        | 6 9 11 | 11.7
Earth Magic    | 6 10 13 | 13.5

Action                     |  1- 3 |  4- 6 |  7- 9 | 10-12 | 13-15 || total
---------------------------+-------+-------+-------+-------+-------++-------
  Melee: Trident           |       |       |     2 |       |       ||     2
         Staff             |       |       |     7 |    46 |   254 ||   307
   Cast: Foxfire           |    62 |    49 |   153 |   101 |    19 ||   384
         Scorch            |     4 |     6 |   103 |   249 |   165 ||   527
         Frozen Ramparts   |       |       |    11 |    58 |    75 ||   144
         Lee's Rapid Decon |       |       |       |     3 |    34 ||    37
         Bombard           |       |       |       |       |   202 ||   202
  Evoke: Wand              |       |       |       |       |     6 ||     6
    Use: Scroll            |       |       |    12 |     1 |    21 ||    34
         Potion            |       |       |     4 |     6 |     2 ||    12
   Stab: Petrified         |       |       |       |       |     6 ||     6
 Armour: Robe              |     4 |     9 |    54 |       |       ||    67
         Troll leather arm |       |       |    29 |   192 |   408 ||   629
  Dodge: Dodged            |     9 |    15 |   116 |   226 |   710 ||  1076

Table legend: (Time is in decaauts)
 A = Elapsed time spent in this place.
 B = Non-inter-level travel time spent in this place.
 C = Inter-level travel time spent in this place.
 D = Time resting spent in this place.
 E = Time spent auto-exploring this place.
 F = Levels seen in this place.
 G = Mean time per level.
                   A        B        C        D        E       F      G
               +--------+--------+--------+--------+--------+-----+--------+
         Total |  26521 |  25608 |    913 |   1446 |  19382 |  21 | 1262.9 |
       Dungeon |  14362 |  13909 |    453 |    613 |  10841 |  12 | 1196.8 |
        Temple |     40 |     40 |      0 |      0 |      0 |   1 |   40.0 |
          Lair |  11127 |  10671 |    456 |    810 |   7834 |   5 | 2225.4 |
  Orcish Mines |    385 |    383 |      2 |     23 |    254 |   2 |  192.5 |
       Ossuary |    605 |    605 |      0 |      0 |    452 |   1 |  605.0 |
               +--------+--------+--------+--------+--------+-----+--------+

Top non-repeatable levels by time:
  Lair:5: 4521 daAuts
    D:12: 2220 daAuts
  Lair:4: 2126 daAuts
  Lair:3: 1873 daAuts
    D:11: 1671 daAuts
     D:3: 1339 daAuts
  Lair:1: 1314 daAuts
  Lair:2: 1291 daAuts
    D:10: 1165 daAuts
     D:9: 1131 daAuts
     D:4: 1055 daAuts
     D:6: 1026 daAuts
     D:2: 1013 daAuts
     D:7: 1003 daAuts
     D:1: 982 daAuts
